 Dungeon Crawl Stone Soup version 0.31-a0-640-g39d97e502b (webtiles) character file.

Game seed: 677476612399367908

308 thirtiethelement the Grave Robber (level 6, -2/43 HPs)
             Began as a Demonspawn Necromancer on Aug 28, 2023.
             Was a Follower of Dithmenos.
             Slain by a wight
             ... wielding a +6 mace of freezing
              (6 damage)
             ... on level 6 of the Dungeon.
             The game lasted 00:09:26 (3357 turns).

thirtiethelement the Grave Robber (DsNe)            Turns: 3357, Time: 00:09:28

Health: -2/43      AC:  6    Str:  9    XL:     6   Next: 16%
Magic:  4/11       EV: 13    Int: 18    God:    Dithmenos [*.....]
Gold:   87         SH:  4    Dex: 19    Spells: 6/12 levels left

rFire   . . .        u - +2 dagger (drain)
rCold   . . .        (no shield)
rNeg    . . .        a - +0 robe
rPois   .            (no helmet)
rElec   .            (no cloak)
rCorr   .            (no gloves)
SInv    .            (no boots)
Will    .....        (no amulet)
Stlth   +++          e - +6 ring of dexterity
HPRegen 0.27/turn    o - +4 ring of protection
MPRegen 0.12/turn

%: no passive effects
@: very slightly contaminated, wreathed by umbra
A: claws 2, large bone plates 1
a: Renounce Religion


You were on level 6 of the Dungeon.
You worshipped Dithmenos.
Dithmenos was aware of your devotion.
You visited 1 branch of the dungeon, and saw 5 of its levels.

You collected 87 gold pieces.

Inventory:

Hand Weapons
 u - a +2 dagger of draining (weapon)
Missiles
 k - 5 atropa-tipped darts
 n - 8 boomerangs (quivered)
 s - 6 poisoned darts
Armour
 a - a +0 robe (worn)
Jewellery
 e - a +6 ring of dexterity (left claw)
 o - a +4 ring of protection (right claw)
Scrolls
 c - a scroll of fog {unknown}
 d - 2 scrolls of identify {unknown}
 h - 2 scrolls of teleportation {unknown}
 i - 2 scrolls of fear {unknown}
 l - 3 scrolls of blinking {unknown}
 m - 2 scrolls of vulnerability {unknown}
 p - 2 scrolls of revelation {unknown}
 q - a scroll of immolation {unknown}
 r - a scroll of poison {unknown}
Potions
 b - a potion of magic
 f - a potion of ambrosia {unknown}
 g - a potion of attraction {unknown}
 j - a potion of might {unknown}
 t - a potion of enlightenment {unknown}
 v - a potion of lignification {unknown}


   Skills:
 + Level 1.0 Fighting
 + Level 0.6 Short Blades
 + Level 2.3 Dodging
 + Level 2.3 Stealth
 + Level 0.3 Shields
 + Level 3.5 Spellcasting
 + Level 6.4 Necromancy


You had 6 spell levels left.
You knew the following spells:

 Your Spells              Type           Power      Damage    Failure   Level
a - Necrotise             Necr           100%       1d9       1%          1
b - Vampiric Draining     Necr           26%        2d7       3%          3
c - Searing Ray           Conj           6%         2d4       24%         2

Your spell library contained the following spells:

 Spells                   Type           Power      Damage    Failure   Level
 Cigotuvi's Dreadful Rot  Necr/Pois/Air  20%        N/A       10%         2
 Animate Dead             Necr           26%        N/A       11%         4
 Apportation              Tloc           6%         N/A       16%         1
 Magic Dart               Conj           12%        1d3       16%         1
 Summon Small Mammal      Summ           12%        N/A       16%         1
 Agony                    Necr           26%        N/A       30%         5
 Ignite Poison            Fire/Tmut/Pois 3%         N/A       43%         3
 Fulminant Prism          Conj/Hex       1%         3d5       83%         4
 Freezing Cloud           Conj/Ice/Air   1%         6-21      99%         5


Dungeon Overview and Level Annotations

Branches:
Dungeon (4/15)
 Temple: D:4-7

Altars:
Dithmenos
Qazlal
Sif Muna


Innate Abilities, Weirdness & Mutations

You have very sharp fingernails.
You are partially covered in large bone plates. (SH +4)


Message History

Throw: 8 boomerangs
Press: ? - help, Q - select action, (/) - cycle Shift-Dir - straight line, f - wight
Aim: a wight, wielding a +6 mace of freezing and wearing a +0 robe (57% to hit)
You throw a boomerang.
The boomerang hits the wight but does no damage.
Unknown command.
Casting: Vampiric Draining (dangerous; 3% risk of failure)
Confirm with . or Enter, or press ? or * to list all spells.
Aiming: Searing Ray (dangerous; 24% risk of failure)
Press: ? - help, Shift-Dir - straight line, f/p - wight
Aim: a wight, wielding a +6 mace of freezing and wearing a +0 robe (74% to hit)
You miscast Searing Ray.
You are very lightly contaminated with residual magic.
Nothing appears to happen.
Casting: Searing Ray (dangerous; 24% risk of failure)
Confirm with . or Enter, or press ? or * to list all spells.
Aiming: Searing Ray (dangerous; 24% risk of failure)
Press: ? - help, Shift-Dir - straight line, f/p - wight
Aim: a wight, wielding a +6 mace of freezing and wearing a +0 robe (74% to hit)
The searing ray hits the wight.
The wight is moderately damaged. (Press . to maintain the ray.)
The searing ray hits the wight.
The wight is heavily damaged.
The searing ray hits the wight.
The wight is moderately damaged.
The searing ray hits the wight!
The wight is almost destroyed.
The searing ray hits the wight.
The wight is severely damaged.
The wight hits you with a +6 mace of freezing!!
The wight freezes you!
The searing ray misses the wight.
The searing ray hits the wight.
You destroy the wight!
Dithmenos accepts your kill.
You finish channelling your searing ray.
The wight hits you with a +6 mace of freezing!
* * * LOW HITPOINT WARNING * * *
The wight freezes you.
You die...

.......##.....## #..
..............## #.. #
#..........#..# #.. #. #
#.........###.## #.. #..#.
#........####.†###.#
..#..###...#.....##.......#
......#..##.........###...#
.........##..#.....## ..#.
.z......)z@.####..## ##
...........## #..#
......!....# #..#
...........# #...
...........# .....
..........## .......
."......... .....)......
.........


You could see a wight.

Vanquished Creatures
  A scorpion (D:6)
  A wight (D:6)
  An orc priest (D:3)
  2 orc wizards (D:3)
  6 adders
  3 gnolls (D:3)
  2 dart slugs
  8 orcs (D:3)
  4 endoplasms
  3 giant cockroaches
  2 goblins
  A hobgoblin (D:2)
  10 jackals
  2 quokkas
  4 ball pythons
  6 bats
  3 frilled lizards
  5 kobolds
  4 rats
68 creatures vanquished.

Vanquished Creatures (collateral kills)
  A gnoll (D:3)
  An endoplasm (D:1)
  A goblin (D:2)
  A quokka (D:1)
  A rat (D:1)
5 creatures vanquished.

Grand Total: 73 creatures vanquished

Notes
Turn   | Place    | Note
-------+----------+-------------------------------------------
     0 | D:1      | thirtiethelement the Demonspawn Necromancer began the quest
                  | for the Orb.
     0 | D:1      | Reached XP level 1. HP: 13/13 MP: 3/3
   199 | D:1      | Gained mutation: You are partially covered in large bone
                  | plates. (SH +4) [demonic ancestry]
   199 | D:1      | Reached XP level 2. HP: 18/19 MP: 1/5
  1094 | D:1      | Reached skill level 5 in Necromancy
  1094 | D:1      | Gained mutation: You have sharp fingernails. [demonic
                  | ancestry]
  1094 | D:1      | Reached XP level 3. HP: 10/24 MP: 1/6
  1468 | D:2      | Found a faded altar of an unknown god.
  1567 | D:2      | Learned a level 3 spell: Vampiric Draining
  1626 | D:2      | Reached XP level 4. HP: 30/30 MP: 3/8
  1970 | D:3      | Found a shadowy altar of Dithmenos.
  1995 | D:3      | Became a worshipper of Dithmenos the Shadowed
  2065 | D:3      | Learned a level 2 spell: Searing Ray
  2158 | D:3      | Found a shimmering blue altar of Sif Muna.
  2544 | D:3      | Reached XP level 5. HP: 25/36 MP: 2/9
  2665 | D:3      | Reached skill level 1 in Fighting
  2669 | D:3      | Reached * piety under Dithmenos
  2692 | D:3      | Reached skill level 6 in Necromancy
  2846 | D:3      | Found a stormy altar of Qazlal.
  3019 | D:4      | You fall into a shaft and drop 2 floors!
  3249 | D:6      | Gained mutation: You have very sharp fingernails. [demonic
                  | ancestry]
  3249 | D:6      | Reached XP level 6. HP: 39/43 MP: 0/11
  3357 | D:6      | Slain by a wight

Illustrated notes

Levels and vault maps discovered:
D:1:      lightli_iron_boxes, layout_basic, chequers_mini_garden,
          minmay_strange_pillars
D:2:      cheibrodos_old_hovel, layout_rooms,
          hellmonk_ecumenical_altar_heavens_door, minmay_tromino_v4_c
D:3:      layout_loops_cross, overflow_temple_1_default,
          nicolae_dithmenos_the_darkroom, nicolae_qazlal_scattered_showers
D:4:      layout_cave_pools, grunt_temple_overflow_order_and_chaos_2,
          lemuel_zombie_altar_kikubaaqudgha, fedhas_altar_4, temple_statues,
          serial_shops, shop, serial_bayou_pond_c, corexii_leaking_fountain
D:6:      layout_layer_cave, kennysheep_generic_room_15, uniq_menkaure

Skill      XL: |  1  2  3  4  5 |
---------------+----------------+-----
Stealth        | 2 |  2.3
Necromancy     | 5 6 |  6.4
Spellcasting   | 3 |  3.5
Dodging        | 2 |  2.3
Fighting       | 1 |  1.0
Short Blades   | |  0.6
Shields        | |  0.3

Action                     |  1- 3 |  4- 6 || total
---------------------------+-------+-------++-------
  Melee: Unarmed           |     3 |       ||     3
         Dagger            |    24 |    71 ||    95
         Punch             |       |     2 ||     2
  Throw: Boomerang         |       |     3 ||     3
   Cast: Necrotise         |    49 |    50 ||    99
         Vampiric Draining |     1 |     5 ||     6
         Searing Ray       |       |     2 ||     2
   Stab: Sleeping          |     5 |     3 ||     8
 Armour: Robe              |     9 |    37 ||    46
  Dodge: Dodged            |    40 |    75 ||   115
  Block: Other             |    11 |    21 ||    32

Table legend: (Time is in decaauts)
 A = Elapsed time spent in this place.
 B = Non-inter-level travel time spent in this place.
 C = Inter-level travel time spent in this place.
 D = Time resting spent in this place.
 E = Time spent auto-exploring this place.
 F = Levels seen in this place.
 G = Mean time per level.
                   A        B        C        D        E       F      G
               +--------+--------+--------+--------+--------+-----+--------+
         Total |   3356 |   3278 |     78 |    200 |   2491 |   5 |  671.2 |
       Dungeon |   3356 |   3278 |     78 |    200 |   2491 |   5 |  671.2 |
               +--------+--------+--------+--------+--------+-----+--------+

Top non-repeatable levels by time:
     D:3: 1182 daAuts
     D:1: 1089 daAuts
     D:2: 744 daAuts
     D:6: 338 daAuts
     D:4: 1 daAuts
